 Dungeon Crawl Stone Soup version 0.28.0-45-g0d030f2227 (webtiles) character file.

Game seed: 10210465140412452441

7617 PSYXO the Archer (level 10, -2/93 HPs)
             Began as a Minotaur Hunter on Apr 21, 2022.
             Was a High Priest of Okawaru.
             Slain by a komodo dragon (12 damage)
             ... on level 8 of the Dungeon.
             The game lasted 02:10:56 (10772 turns).

PSYXO the Archer (Minotaur Hunter)                 Turns: 10772, Time: 02:10:57

Health: -2/93      AC: 22    Str: 20    XL:     10   Next: 98%
Magic:  12/12      EV:  9    Int: 11    God:    Okawaru [*****.]
Gold:   268        SH:  0    Dex: 12    Spells: 9/9 levels left

rFire   + . .      SeeInvis .   b - +4 longbow of the Solstice {flame, rF+ Int+3 Stlth-}
rCold   . . .      Faith    .   (shield currently unavailable)
rNeg    . . .      Spirit   .   o - +0 chain mail
rPois   .          Reflect  .   s - +1 hat {Will+}
rElec   .          Harm     .   n - +2 cloak
rCorr   +          Rampage  .   r - +0 pair of gloves
Will    +....                   F - +0 pair of boots
Stlth   ..........              f - amulet of magic regeneration
HPRegen 0.25/turn               K - ring of resist corrosion
MPRegen 0.53/turn               x - +4 ring of protection

@: no status effects
A: horns 2, retaliatory headbutt
a: Renounce Religion, Heroism, Finesse, Duel


You were on level 8 of the Dungeon.
You worshipped Okawaru.
Okawaru was extremely pleased with you.
You visited 3 branches of the dungeon, and saw 11 of its levels.

You collected 410 gold pieces.
You spent 142 gold pieces at shops.

Inventory:

Hand Weapons
 a - a +1 vorpal flail
 b - the +4 longbow of the Solstice (weapon) {flame, rF+ Int+3 Stlth-}
   (You acquired it on level 7 of the Dungeon)

   Any ammunition fired from it burns those it strikes, dealing additional fire
   damage.
   Int:       It affects your intelligence (+3).
   rF:        It protects you from fire.
   Stlth:     It makes you less stealthy.
 t - a +4 dagger of venom
 M - a +3 spear
 N - a +3 scimitar
 Q - a +2 halberd of freezing
Missiles
 d - 151 arrows (quivered ammo)
 v - 19 poisoned darts
 G - 6 throwing nets
 R - 13 bolts
Armour
 n - a +2 cloak (worn)
 o - a +0 chain mail (worn)
 r - a +0 pair of gloves (worn)
 s - a +1 hat of willpower (worn)
 F - a +0 pair of boots (worn)
 H - an orb of mayhem
 T - the +18 Lear's hauberk
   (You found it on level 1 of the Lair of Beasts)
Jewellery
 f - an amulet of magic regeneration (around neck)
 x - a +4 ring of protection (right hand)
 B - a ring of willpower
 C - a +6 ring of intelligence
 K - a ring of resist corrosion (left hand)
 S - a ring of wizardry
Wands
 w - a wand of digging (4)
 y - a wand of flame (25)
 I - a wand of polymorph (7)
 P - a wand of acid (5)
Scrolls
 h - 2 scrolls of noise
 i - a scroll of torment {unknown}
 j - a scroll of enchant armour {unknown}
 k - 2 scrolls of teleportation
 l - 2 scrolls of immolation
 m - 4 scrolls of enchant weapon
 A - a scroll of vulnerability {unknown}
 L - a scroll of summoning {unknown}
 O - 4 scrolls of identify
Potions
 e - 3 potions of might
 g - a potion of resistance
 p - a potion of haste {unknown}
 q - 4 potions of curing
 u - 3 potions of brilliance
 z - 2 potions of attraction
 D - a potion of ambrosia {unknown}
 E - 2 potions of flight
 J - a potion of heal wounds {unknown}


   Skills:
 + Level 9.9 Fighting
 * Level 13.1 Bows
 + Level 9.4 Armour
 - Level 2.5 Dodging
 - Level 0.7 Stealth
 + Level 5.2 Invocations


You had 9 spell levels left.
You didn't know any spells.
Your spell library contained the following spells:

 Spells                   Type           Power      Damage    Failure   Level
 Ensorcelled Hibernation  Hex/Ice        0%         N/A       98%         2
 Passwall                 Tmut/Erth      0%         N/A       98%         2
 Scorch                   Fire           0%         2d5       98%         2
 Swiftness                Air            0%         N/A       100%        3
 Flame Wave               Conj/Fire      0%         2d4       100%        4
 Summon Small Mammal      Summ           Unusable   N/A       N/A         1
 Call Canine Familiar     Summ           Unusable   N/A       N/A         3
 Summon Guardian Golem    Hex/Summ       Unusable   N/A       N/A         3
 Summon Cactus Giant      Summ           Unusable   N/A       N/A         6

Dungeon Overview and Level Annotations

Branches:
Dungeon (9/15)             Temple (1/1) D:4            Lair (1/6) D:8
    Orc: D:9-12

Altars:
Ashenzari
Cheibriados
Dithmenos
Elyvilon
Fedhas
Gozag
Hepliaklqana
Kikubaaqudgha
Makhleb
Nemelex Xobeh
Okawaru
Qazlal
Ru
Sif Muna
Trog
Uskayaw
Vehumet
Wu Jian
Xom
Yredelemnul
Zin
The Shining One

Shops:
D:5 *


Innate Abilities, Weirdness & Mutations

You have a pair of horns on your head.
You reflexively headbutt those who attack you in melee.


Message History

The creatures around you are filled with an inner flame!
Aiming: Throw Flame
Press: ? - help, Q - select action, (/) - cycle Shift-Dir - straight line, f/p - blink frog
Aim: a blink frog (lightly wounded, inner flame, 45% to hit)
The puff of flame misses the blink frog.
The blink frog blinks!
The blink frog hits you!
The blink frog blinks!
The blink frog croaks.
The blink frog blinks!
The blink frog closely misses you.
The blink frog blinks!
The blink frog hits you but does no damage.
Read: scroll of fear
Press: ? - help, Q - select action, (/) - cycle Dir - look around, f - activate Look: a blink frog (lightly wounded, chance to affect: 90%)
As you read the scroll of fear, it crumbles to dust.
You assume a fearsome visage.
The komodo dragon resists with almost no effort.
The blink frog looks frightened!
The blink frog looks frightened! x2
The blink frog blinks! x4
Aiming: Polymorph
Press: ? - help, Q - select action, (/) - cycle Shift-Dir - straight line, f - komodo dragon
Aim: a komodo dragon (translocational energy, inner flame, will become a wind drake, a queen bee, or a meliai, chance to affect: 31%)
The komodo dragon easily resists.
The blink frog blinks! x2; The komodo dragon bites you!!
* * * LOW HITPOINT WARNING * * *
The blink frog blinks!
The blink frog blinks!
The blink frog hits you.
* * * LOW HITPOINT WARNING * * *
The blink frog blinks!
The blink frog blinks!
The blink frog blinks!
The komodo dragon's inner flame fades away.
There is a staircase back to the Dungeon here.
The komodo dragon bites you!
* * * LOW HITPOINT WARNING * * *
You climb upwards.
Welcome back to the Dungeon!
There is a staircase to the Lair here.
The komodo dragon bites you!
You die...

# #.# #.# #
#.# #.# # #.#
#.# # #.#
###.#
###########.#
#...#
............#
#.###
#############
##.# #>l#
#)@# ##.#
##########.#
#..........#
#.##########
#.# #.# #.#
#.#


You could see a komodo dragon.

Vanquished Creatures
  Gastronok (D:8)
  A hydra (Lair:1)
  Harold (D:8)
  An ugly thing (D:7)
  A komodo dragon (Lair:1)
  A blink frog (Lair:1)
  Prince Ribbit (D:5)
  Sigmund (D:5)
  Eustachio (D:5)
  3 yaks (Lair:1)
  A basilisk (Lair:1)
  Edmund (D:5)
  2 water moccasins
  2 sky beasts
  2 orc warriors
  A black bear (D:6)
  2 ogres
  3 centaurs
  A phantom (D:5)
  A kobold brigand (D:7)
  4 bullfrogs (Lair:1)
  4 scorpions
  A wyvern skeleton (D:5)
  A wyvern zombie (D:7)
  7 wights
  2 bullfrog zombies
  2 centaur zombies
  A centaur skeleton (D:7)
  3 jellies
  2 orc priests (D:5)
  A gnoll shaman (D:5)
  2 bullfrog skeletons
  7 orc wizards
  2 iguanas
  A killer bee zombie (D:6)
  A hound skeleton (D:4)
  Robin (D:2)
  4 gnolls (D:5)
  3 howler monkey skeletons
  6 adders
  3 white imps
  2 worms (D:2)
  2 dart slugs (D:3)
  23 orcs
  6 endoplasms
  5 giant cockroaches
  14 goblins
  13 hobgoblins
  7 quokkas
  10 ball pythons
  8 bats
  4 frilled lizards
  14 kobolds
  6 rats
200 creatures vanquished.

Vanquished Creatures (others)
  4 fungi
  8 plants
12 creatures vanquished.

Grand Total: 212 creatures vanquished

Notes
Turn   | Place    | Note
-------+----------+-------------------------------------------
     0 | D:1      | PSYXO the Minotaur Hunter began the quest for the Orb.
     0 | D:1      | Reached XP level 1. HP: 18/18 MP: 0/0
   356 | D:1      | Reached XP level 2. HP: 25/25 MP: 1/1
   942 | D:1      | Found a faded altar of an unknown god.
   996 | D:2      | Reached skill level 5 in Bows
  1083 | D:2      | Reached XP level 3. HP: 25/30 MP: 2/2
  1150 | D:2      | Reached skill level 1 in Armour
  1332 | D:2      | Noticed Robin
  1346 | D:2      | Killed Robin
  1347 | D:2      | Reached XP level 4. HP: 30/38 MP: 3/3
  2945 | D:4      | Reached XP level 5. HP: 45/45 MP: 4/4
  3041 | D:4      | Reached skill level 6 in Bows
  3140 | D:4      | Found a staircase to the Ecumenical Temple.
  3645 | Temple   | Entered the Ecumenical Temple
  4314 | Temple   | Became a worshipper of Warmaster Okawaru
  4888 | D:5      | Entered Level 5 of the Dungeon
  4897 | D:5      | Noticed a phantom
  4909 | D:5      | Reached XP level 6. HP: 34/52 MP: 5/5
  4922 | D:5      | Reached skill level 7 in Bows
  5130 | D:5      | Noticed Prince Ribbit
  5143 | D:5      | Killed Prince Ribbit
  5143 | D:5      | Reached * piety under Okawaru
  5144 | D:5      | Reached XP level 7. HP: 50/60 MP: 6/6
  5154 | D:5      | Reached skill level 5 in Fighting
  5206 | D:5      | Noticed Sigmund
  5225 | D:5      | Killed Sigmund
  5255 | D:5      | Noticed Edmund
  5262 | D:5      | Reached skill level 8 in Bows
  5276 | D:5      | Killed Edmund
  5293 | D:5      | Reached ** piety under Okawaru
  5462 | D:5      | Reached skill level 5 in Armour
  5514 | D:5      | Reached XP level 8. HP: 61/70 MP: 7/7
  5640 | D:5      | Noticed Eustachio
  5663 | D:5      | Killed Eustachio
  5664 | D:5      | Reached skill level 9 in Bows
  5856 | D:5      | Found Jisoubudd's General Store.
  5865 | D:5      | Bought a scroll of fear for 52 gold pieces
  5865 | D:5      | Bought a potion of flight for 45 gold pieces
  5865 | D:5      | Bought a potion of attraction for 45 gold pieces
  7558 | D:6      | Reached skill level 10 in Bows
  7679 | D:6      | Reached *** piety under Okawaru
  8041 | D:6      | Reached XP level 9. HP: 79/79 MP: 8/8
  8047 | D:6      | Found a sacrificial altar of Ru.
  8048 | D:6      | Found a shimmering blue altar of Sif Muna.
  8052 | D:6      | Found an ancient bone altar of Kikubaaqudgha.
  8057 | D:6      | Found a stormy altar of Qazlal.
  8057 | D:6      | Found a basalt altar of Yredelemnul.
  8057 | D:6      | Found a hazy altar of Hepliaklqana.
  8058 | D:6      | Found a white marble altar of Elyvilon.
  8060 | D:6      | Found a sparkling altar of Nemelex Xobeh.
  8061 | D:6      | Found a bloodstained altar of Trog.
  8063 | D:6      | Found a shadowy altar of Dithmenos.
  8115 | D:7      | Noticed a white ugly thing
  8164 | D:7      | Identified 2 scrolls of acquirement
  8165 | D:7      | Acquired a +1 hat of willpower
  8173 | D:7      | Acquired the +4 longbow of the Solstice {flame, rF+ Int+3
                  | Stlth-}
  8263 | D:7      | Reached skill level 1 in Invocations
  8588 | D:7      | Killed a white ugly thing
  8588 | D:7      | Reached **** piety under Okawaru
  8588 | D:7      | Received a gift from Okawaru
  8589 | D:7      | Reached skill level 11 in Bows
  9270 | D:8      | Found a staircase to the Lair.
  9313 | D:8      | Noticed Harold
  9319 | D:8      | Killed Harold
  9319 | D:8      | Received a gift from Okawaru
  9320 | D:8      | Reached XP level 10. HP: 82/90 MP: 11/11
  9336 | D:8      | Noticed Gastronok
  9368 | D:8      | Killed Gastronok
  9368 | D:8      | Received a gift from Okawaru
  9369 | D:8      | Reached skill level 12 in Bows
 10205 | Lair:1   | Entered Level 1 of the Lair of Beasts
 10568 | Lair:1   | Noticed a four-headed hydra
 10574 | Lair:1   | Killed a four-headed hydra
 10574 | Lair:1   | Reached ***** piety under Okawaru
 10574 | Lair:1   | Received a gift from Okawaru
 10575 | Lair:1   | Reached skill level 13 in Bows
 10575 | Lair:1   | Reached skill level 5 in Invocations
 10600 | Lair:1   | Found the +18 Lear's hauberk
 10772 | D:8      | Slain by a komodo dragon

Illustrated notes

Levels and vault maps discovered:
D:1:      erik_arrival_orb_chamber, layout_loops_ring,
          shapermc_ecumenical_altar_hornbeckon
D:2:      minmay_angry_zag, layout_loops_ring, grunt_ministairs_6, uniq_robin
D:3:      layout_basic
D:4:      layout_basic, minmay_temple_entry_tees, corner_web_ring
D:5:      nicolae_cairo_tiling_large_dashed, layout_basic, serial_shops,
          nicolae_shop_stone, minmay_circle_x, uniq_edmund, uniq_eustachio,
          uniq_prince_ribbit1, uniq_sigmund
D:6:      layout_loops_ring, minitemple
D:7:      wad_pebble_path, layout_loops_ring
D:8:      layout_loops_ring, lair_entry_dummy, uniq_gastronok, uniq_harold
D:9:      layout_loops_corners, serial_shops, nicolae_shop_stone,
          serial_co_window_serial, co_window_corner_a, co_window_paths_a,
          co_window_of_opportunity_a, co_window_corner_a, co_window_paths_a,
          co_window_corner_cb, co_window_paths_c, co_window_broadway_a,
          co_window_2corner, co_window_of_opportunity_c,
          co_window_unsneaky_path_d, co_window_paths_d, glass_columns_c,
          glass_columns_b, hangedman_feature_mirror
Temple:   minmay_temple_forest_path
Lair:1:   layout_concentric_octagons, guppyfry_lair_drakes

Skill      XL: |  1  2  3  4  5  6  7  8  9 10 |
---------------+-------------------------------+-----
Bows           | 5 6 7 8 10 11 13 | 13.1
Fighting       | 3 4 5 7 8 9 |  9.9
Armour         | 1 2 3 4 5 6 8 9 |  9.4
Invocations    | 3 5 |  5.2
Dodging        | |  2.5
Stealth        | |  0.7

Action                   |  1- 3 |  4- 6 |  7- 9 | 10-12 || total
-------------------------+-------+-------+-------+-------++-------
Melee: Short sword       |   106 |       |       |       ||   106
       Headbutt          |    16 |    19 |    26 |       ||    61
       Dagger            |       |   117 |    80 |       ||   197
       Punch             |       |     3 |     2 |       ||     5
       Flail             |       |       |    75 |       ||    75
 Fire: Shortbow          |    18 |    27 |    40 |       ||    85
       Longbow           |       |       |   107 |    80 ||   187
Invok: Heroism           |       |       |       |     1 ||     1
Evoke: Wand              |       |       |       |     9 ||     9
  Use: Scroll            |       |       |     9 |     6 ||    15
       Potion            |       |       |       |     2 ||     2
 Stab: Sleeping          |     2 |       |       |       ||     2
Armor: Leather armour    |    18 |       |       |       ||    18
       Chain mail        |    29 |    86 |   171 |    37 ||   323
       Skin              |       |       |    18 |       ||    18
Dodge: Dodged            |    62 |    43 |    75 |    25 ||   205
